Map: Orbital Shipyard

Players

LindyHop

  • Race: Zerg Zerg
  • League: Silver

StormBlooper - Winner!

  • Race: Protoss Protoss
  • League: Gold

VOD

Have the link to the VOD?

Description

Time

  • Played on: Dec. 5, 2015, 2:08 p.m.
  • Length: 2:15
Show
View Real Time Build Order
Export as new Build Order

LindyHop Zerg 

Build Orders: Hatch First 

Get SALT Encoding   

  12  0:01  Drone  
  13  0:09  Drone  
  14  0:35  Hatchery  
  13  0:38  Drone  
  14  0:54  Spawning Pool  
  13  1:02  Overlord  
  13  1:06  Drone  
  12  1:28  Drone  
  12  1:29  Drone x2  
Show
View Real Time Build Order
Export as new Build Order

StormBlooper Protoss - Winner!

Build Orders:  

Get SALT Encoding   

  12  0:01  Probe (Chrono Boost)  
  13  0:14  Assimilator  
  13  0:27  Probe (Chrono Boost)  
  14  0:37  Probe (Chrono Boost)  
  15  1:26  Probe (Chrono Boost)  
  13  1:36  Probe (Chrono Boost)  
  14  1:47  Probe (Chrono Boost)  
  12  1:57  Probe (Chrono Boost)  
Tags
 
Add a new tag
Caveats
  • Supply blocks, unpowered buildings, or Contaminate may cause inaccurate times.
  • Supply counts are checked every 10 seconds.